Map: Ice and Chrome LE

Players

Zest - Winner!

  • Race: Protoss Protoss
  • Spawn Location: 1:00

Liquidthermy (uThermal)

  • Race: Terran Terran
  • Spawn Location: 7:00

Event: StayAtHomestory Cup #2

VOD

Have the link to the VOD?

Description

Time

  • Played on: June 13, 2020, 7:48 a.m.
  • Length: 8:08

All games in this series

Show
View Real Time Build Order
Export as new Build Order

Zest Protoss - Winner!

Build Orders: 1 Gate Expand, Blink Stalkers, Colossus Rush 

Get SALT Encoding   

  12  0:01  Probe  
  13  0:13  Probe  
  14  0:18  Pylon  
  14  0:25  Probe  
  15  0:33  Probe  
  15  0:37  Gateway  
  15  0:41  Probe  
  16  0:46  Assimilator  
  17  0:51  Probe  
  18  1:03  Probe  
  19  1:15  Probe  
  20  1:24  Cybernetics Core  
  20  1:33  Nexus  
  20  1:35  Probe  
  21  1:43  Pylon  
  21  1:47  Probe  
  21  1:50  Assimilator  
  21  1:51  Adept  
  22  1:59  Probe  
  25  2:02  Warp Gate  
  25  2:07  Probe  
  26  2:15  Probe  
  26  2:21  Twilight Council  
  27  2:26  Probe  
  27  2:29  Stalker  
  30  2:37  Blink  
  30  2:38  Probe  
  31  2:46  Probe  
  31  2:50  Probe  
  33  2:52  Gateway  
  33  3:00  Probe  
  33  3:03  Probe  
  35  3:06  Stalker  
  35  3:12  Probe  
  38  3:15  Probe  
  39  3:24  Robotics Facility  
  39  3:26  Probe  
  40  3:27  Probe  
  41  3:37  Gateway  
  41  3:40  Probe  
  42  3:41  Probe  
  42  3:45  Gateway  
  43  3:52  Sentry  
  43  3:53  Probe  
  43  3:55  Assimilator, Pylon  
  46  4:02  Assimilator  
  46  4:03  Pylon  
  46  4:04  Phoenix  
  46  4:12  Probe  
  46  4:13  Observer, Probe  
  46  4:15  Stalker  
  46  4:16  Stalker  
  53  4:20  Probe, Pylon  
  53  4:22  Forge, Probe  
  53  4:28  Probe  
  53  4:30  Probe  
  55  4:38  Observer  
  58  4:39  Probe  
  58  4:41  Stalker x3  
  65  4:46  Probe  
  65  4:50  Protoss Ground Weapons Level 1  
  65  4:51  Probe  
  67  4:58  Probe  
  67  4:59  Photon Cannon  
  68  5:03  Probe  
  68  5:06  Robotics Bay  
  69  5:14  Photon Cannon  
  69  5:21  Pylon  
  69  5:24  Probe  
  70  5:33  Nexus  
  70  5:34  Pylon  
  70  5:39  Probe  
  70  5:41  Stalker x3  
  77  5:43  Probe  
  77  5:45  Colossus  
  78  5:53  Probe  
  78  5:54  Pylon  
  78  5:55  Probe  
  80  6:02  Extended Thermal Lance  
  86  6:12  Probe x2, Pylon  
  86  6:13  Sentry  
  86  6:16  Charge  
  90  6:20  Sentry, Pylon  
  90  6:24  Probe  
  93  6:26  Pylon  
  93  6:30  Probe  
  93  6:31  Colossus  
  94  6:36  Probe  
  101  6:45  Probe x2  
  103  6:48  Probe  
  104  6:55  Gateway  
  96  7:07  Stalker x3  
  102  7:09  Probe x2  
  105  7:15  Probe  
  105  7:20  Probe x2  
  107  7:24  Probe  
  107  7:26  Assimilator  
  107  7:28  Probe  
  107  7:29  Probe, Assimilator, Pylon  
  114  7:32  Probe  
  114  7:36  Probe  
  117  7:39  Probe  
  117  7:42  Probe  
  119  7:47  Nexus  
  119  7:48  Probe  
  121  7:57  Pylon  
  121  7:58  Gateway  
  121  8:00  Gateway  
  121  8:03  Gateway  
  121  8:05  Zealot x3  
Show
View Real Time Build Order
Export as new Build Order

Liquidthermy Terran 

Build Orders: Reaper Expand 

Get SALT Encoding   

  12  0:01  SCV  
  13  0:13  SCV  
  14  0:17  Supply Depot  
  14  0:25  SCV  
  15  0:38  SCV  
  15  0:40  Barracks  
  16  0:43  Refinery  
  16  0:51  SCV  
  17  1:03  SCV  
  18  1:15  SCV  
  19  1:27  Reaper  
  19  1:28  Orbital Command  
  20  1:40  Command Center  
  20  1:49  Supply Depot  
  20  1:54  SCV  
  21  2:00  Barracks Reactor  
  21  2:06  SCV  
  22  2:17  Bunker  
  22  2:18  SCV  
  22  2:20  Factory  
  23  2:24  Refinery  
  23  2:30  SCV  
  23  2:36  Marine x2  
  26  2:42  SCV  
  27  2:52  Orbital Command  
  27  2:54  SCV, Marine x2  
  30  3:05  Starport, Widow Mine  
  32  3:06  SCV  
  32  3:12  Marine  
  34  3:18  SCV  
  34  3:19  SCV  
  36  3:27  Widow Mine  
  36  3:30  SCV  
  36  3:31  Armory, Marine x2  
  41  3:35  SCV  
  42  3:43  SCV  
  42  3:47  Medivac, Supply Depot  
  45  3:53  Widow Mine  
  46  4:01  Supply Depot  
  46  4:08  SCV x2, Marine x2  
  50  4:10  Supply Depot  
  50  4:15  Factory Tech Lab  
  50  4:20  SCV x2  
  52  4:31  Medivac  
  56  4:32  SCV x2  
  56  4:39  Command Center  
  56  4:45  SCV x2, Widow Mine  
  60  4:46  Widow Mine  
  60  4:49  Marauder  
  64  4:53  Stimpack  
  64  4:54  Supply Depot  
  64  4:57  SCV  
  64  5:04  Starport Tech Lab  
  64  5:05  Barracks  
  64  5:06  Widow Mine  
  66  5:07  Widow Mine  
  66  5:11  Marauder  
  70  5:16  SCV  
  70  5:17  SCV  
  70  5:18  Supply Depot  
  66  5:24  Barracks  
  66  5:28  SCV  
  66  5:32  Medivac  
  66  5:34  SCV, Marauder  
  72  5:37  Widow Mine  
  72  5:39  Widow Mine  
  72  5:42  SCV  
  77  5:51  Engineering Bay  
  77  5:53  Engineering Bay  
  77  5:54  Orbital Command  
  78  5:57  SCV  
  78  6:00  Marauder  
  80  6:06  Marauder  
  80  6:10  SCV, Refinery  
  83  6:11  Refinery  
  83  6:13  Barracks Reactor  
  83  6:20  Barracks, Combat Shield  
  83  6:22  Barracks  
  83  6:25  SCV x2  
  84  6:28  Missile Turret  
  84  6:31  Medivac  
  86  6:34  Supply Depot  
  86  6:37  SCV, Marauder  
  86  6:39  SCV  
  89  6:40  Supply Depot  
  89  6:45  Medivac  
  89  6:46  Supply Depot  
  91  6:48  Marauder  
  91  6:49  SCV  
  91  6:50  SCV  
  95  6:55  Marine  
  95  6:57  Marine  
  95  6:58  Marauder  
  97  7:01  Medivac  
  97  7:05  Orbital Command  
  97  7:07  Marine  
  92  7:08  Marine  
  92  7:09  SCV x2  
  92  7:17  Marine  
  92  7:19  Marauder  
  92  7:21  SCV  
  94  7:26  Barracks Tech Lab x2  
  94  7:27  Marauder  
  95  7:32  SCV x2  
  95  7:34  Marine  
  95  7:35  Bunker  
  100  7:39  SCV  
  100  7:40  Missile Turret x2  
  100  7:41  Marauder  
  100  7:42  Marine  
  104  7:46  Marine  
  106  7:54  SCV  
  106  7:55  SCV x2, Refinery  
  110  7:58  Refinery  
Tags
 
Add a new tag
Caveats
  • Supply blocks, unpowered buildings, or Contaminate may cause inaccurate times.
  • Supply counts are checked every 10 seconds.